 Dungeon Crawl Stone Soup version 0.29.1-14-g9c671dbff4 (webtiles) character file.

Game seed: 499515534658530541

1007 protoss039 the Digger (level 8, 0/61 HPs)
             Began as a Demonspawn Earth Elementalist on Feb 19, 2023.
             Slain by Edmund
             ... wielding a +1 flail of protection
              (3 damage)
             ... on level 5 of the Dungeon.
             The game lasted 00:07:28 (4765 turns).

protoss039 the Digger (DsEE)                        Turns: 4765, Time: 00:07:29

Health: 0/61       AC:  8    Str:  8    XL:     8   Next: 0%
Magic:  10/14      EV: 11    Int: 23    God:
Gold:   142        SH:  0    Dex: 12    Spells: 8/16 levels left

rFire   + . .      SeeInvis .   a - +1 dagger (venom)
rCold   + . .      Faith    .   (no shield)
rNeg    . . .      Spirit   .   c - +2 leather armour {rF+}
rPois   .          Reflect  .   (no helmet)
rElec   .          Harm     .   j - +0 cloak
rCorr   .          Rampage  .   x - +0 pair of gloves
Will    .....                   (boots unavailable)
Stlth   ++........              (no amulet)
HPRegen 0.20/turn               w - ring of protection from cold
MPRegen 0.14/turn               (no ring)

@: no status effects
A: hooves 3, sharp scales 1, clever 1, wild magic 1
a: no special abilities


You were on level 5 of the Dungeon.
You visited 1 branch of the dungeon, and saw 5 of its levels.

You collected 142 gold pieces.

Inventory:

Hand Weapons
 a - a +1 dagger of venom (weapon)
 s - the +7 shortbow of Riph {venom, Dex+2}
   (You found it on level 4 of the Dungeon)

   Any ammunition fired from it poisons the flesh of those it strikes.
   Dex:       It affects your dexterity (+2).
Armour
 c - a +2 leather armour of fire resistance (worn)
 j - a +0 cloak (worn)
 x - a +0 pair of gloves (worn)
Jewellery
 w - a ring of protection from cold (left hand)
Scrolls
 f - a scroll of magic mapping {unknown}
 i - 3 scrolls of teleportation {unknown}
 k - a scroll of noise {unknown}
 l - 2 scrolls of amnesia {unknown}
 o - 4 scrolls of identify {unknown}
 q - 3 scrolls of enchant armour {unknown}
 r - a scroll of poison {unknown}
Potions
 b - a potion of magic
 d - 2 potions of heal wounds {unknown}
 e - a potion of might {unknown}
 g - 4 potions of mutation
 h - a potion of flight {unknown}
 m - a potion of berserk rage {unknown}
 n - a potion of curing {unknown}
 p - a potion of degeneration {unknown}
 t - 2 potions of haste {unknown}
 u - a potion of brilliance {unknown}
 v - 2 potions of cancellation {unknown}


   Skills:
 + Level 4.4 Fighting
 - Level 1.7 Dodging
 - Level 1.7 Stealth
 + Level 4.6 Spellcasting
 + Level 3.9 Conjurations
 - Level 1.0 Transmutations
 + Level 0.8 Air Magic
 + Level 5.0 Earth Magic


You had 8 spell levels left.
You knew the following spells:

 Your Spells              Type           Power      Damage    Failure   Level
a - Sandblast             Erth           74%        2d16      3%          1
b - Passwall              Tmut/Erth      20%        N/A       10%         2
c - Stone Arrow           Conj/Erth      66%        3d11      11%         3
d - Static Discharge      Conj/Air       21%        3-6/arc   13%         2

Your spell library contained the following spells:

 Spells                   Type           Power      Damage    Failure   Level
 Dazzling Flash           Conj/Hex       36%        N/A       26%         3
 Petrify                  Tmut/Erth      25%        N/A       47%         4
 Ozocubu's Armour         Ice            6%         N/A       50%         3
 Iskenderun's Mystic Bla  Conj/Tloc      18%        2d6       63%         4
 Sticky Flame             Conj/Fire      18%        2d4       63%         4
 Dispel Undead            Necr           6%         3d8       87%         4
 Metabolic Englaciation   Hex/Ice        3%         N/A       99%         5
 Simulacrum               Ice/Necr       3%         N/A       100%        6
 Starburst                Conj/Fire      9%         6d5       100%        6


Dungeon Overview and Level Annotations

Branches:
Dungeon (5/15) Zot: 25143
 Temple: D:4-7

Altars:
Fedhas
Hepliaklqana
Makhleb
Nemelex Xobeh
Okawaru
Ru
Vehumet
Wu Jian
Xom

Shops:
D:1 *

Annotations:
D:5 Edmund


Innate Abilities, Weirdness & Mutations

You have hooves in place of feet.
You are partially covered in razor-sharp scales. (AC +1, Slay +1)
Your mind is acute. (Int +4, Str/Dex -1)
Your spells are a little harder to cast, but a little more powerful.


Message History

Something hits you!
You miss something. Your kick misses something.
Something hits you but does no damage.
You closely miss something. Your kick misses something.
Something hits you but does no damage.
Casting: Sandblast (safe; 3% risk of failure)
Confirm with . or Enter, or press ? or * to list all spells.
Aiming: Sandblast (safe; 3% risk of failure)
Press: ? - help, Shift-Dir - straight line The blast of sand hits something!
Something hits you.
Casting: Sandblast (safe; 3% risk of failure)
Confirm with . or Enter, or press ? or * to list all spells.
Aiming: Sandblast (safe; 3% risk of failure)
Press: ? - help, Shift-Dir - straight line Something hits you.
Something hits you but does no damage.
You closely miss something. Something hits you.
Casting: Sandblast (safe; 3% risk of failure)
Confirm with . or Enter, or press ? or * to list all spells.
Aiming: Sandblast (safe; 3% risk of failure)
Press: ? - help, Shift-Dir - straight line The blast of sand hits something!
Something hits you!
You closely miss something. Your kick misses something. Something hits you.
You hit something. Something hits you!
* * * LOW HITPOINT WARNING * * *
Casting: Sandblast (safe; 3% risk of failure)
Confirm with . or Enter, or press ? or * to list all spells.
Aiming: Sandblast (safe; 3% risk of failure)
Press: ? - help, Shift-Dir - straight line The blast of sand hits something.
Something hits you!
* * * LOW HITPOINT WARNING * * *
Something hits you but does no damage.
Unknown command.
Unknown command.
Okay, then.
Casting: Sandblast (safe; 3% risk of failure)
Confirm with . or Enter, or press ? or * to list all spells.
Aiming: Sandblast (safe; 3% risk of failure)
Press: ? - help, Shift-Dir - straight line The blast of sand hits something!
Something hits you.
You die...

....#...........#
..(.######.###### #.
.....#........#.. .).
...#...#......#.# ..#
...........####.###..#
.......###...##.#...# #
......###.......... §#
..........###....####
≈≈≈
......#####...#.@...+
_.l. .....## #..#
#.##..# ≈.§≈§
....######.#
#.##..##≈≈n≈§#
...........# #.##....#
......#....####.##....#
......####......##......
.....##
###..####........ .....#
#.## ###..##### .....#
#.# #.##


There were no monsters in sight!

Vanquished Creatures
  Sigmund (D:2)
  Eustachio (D:4)
  A black bear (D:5)
  A bullfrog (D:4)
  2 necrophages
  A wight (D:4)
  A jelly (D:4)
  3 orc priests
  Crazy Yiuf (D:3)
  2 orc wizards
  7 adders
  A worm (D:2)
  4 dart slugs
  8 orcs
  6 ball pythons
  4 endoplasms
  4 giant cockroaches (D:4)
  12 goblins
  7 hobgoblins
  12 jackals
  2 quokkas
  5 bats
  7 kobolds
  4 rats
97 creatures vanquished.

Notes
Turn   | Place    | Note
-------+----------+-------------------------------------------
     0 | D:1      | protoss039 the Demonspawn Earth Elementalist began the
                  | quest for the Orb.
     0 | D:1      | Reached XP level 1. HP: 13/13 MP: 3/3
   146 | D:1      | Found Lyesem's Assorted Antiques.
   262 | D:1      | Gained mutation: You are partially covered in razor-sharp
                  | scales. (AC +1, Slay +1) [demonic ancestry]
   262 | D:1      | Reached XP level 2. HP: 18/20 MP: 0/5
   495 | D:1      | Reached skill level 1 in Fighting
   612 | D:1      | Reached skill level 3 in Earth Magic
  1089 | D:1      | Learned a level 2 spell: Passwall
  1238 | D:2      | Gained mutation: You have large cloven feet. [demonic
                  | ancestry]
  1238 | D:2      | Reached XP level 3. HP: 24/26 MP: 2/6
  1291 | D:2      | Found a faded altar of an unknown god.
  1406 | D:2      | Found an iron altar of Okawaru.
  1950 | D:2      | Noticed Sigmund
  2034 | D:2      | Learned a level 3 spell: Stone Arrow
  2054 | D:2      | Reached skill level 1 in Transmutations
  2054 | D:2      | Reached XP level 4. HP: 33/33 MP: 5/8
  2058 | D:2      | Gained mutation: Your spells are a little harder to cast,
                  | but a little more powerful. [potion of mutation]
  2058 | D:2      | Gained mutation: Your spells are harder to cast, but more
                  | powerful. [potion of mutation]
  2058 | D:2      | Lost mutation: Your spells are harder to cast, but more
                  | powerful. [potion of mutation]
  2058 | D:2      | Gained mutation: Your mind is acute. (Int +4, Str/Dex -1)
                  | [potion of mutation]
  2063 | D:2      | Killed Sigmund
  2064 | D:2      | Reached skill level 1 in Conjurations
  2064 | D:2      | Gained mutation: You have hoof-like feet. [demonic
                  | ancestry]
  2064 | D:2      | Reached XP level 5. HP: 8/40 MP: 3/10
  2774 | D:3      | Found a runed translucent door.
  2775 | D:3      | Noticed Crazy Yiuf
  3148 | D:3      | Reached skill level 4 in Earth Magic
  3148 | D:3      | Reached XP level 6. HP: 47/47 MP: 7/11
  3457 | D:3      | Killed Crazy Yiuf
  3851 | D:4      | Found a blossoming altar of Fedhas.
  3853 | D:4      | Found a shimmering altar of Xom.
  3861 | D:4      | Found a hazy altar of Hepliaklqana.
  3863 | D:4      | Found a sparkling altar of Nemelex Xobeh.
  3864 | D:4      | Found a burning altar of Makhleb.
  3869 | D:4      | Found an ornate altar of the Wu Jian Council.
  3871 | D:4      | Found a sacrificial altar of Ru.
  3939 | D:4      | Identified the +7 shortbow of Riph {venom, Dex+2}
  4108 | D:4      | Gained mutation: You have hooves in place of feet. [demonic
                  | ancestry]
  4108 | D:4      | Reached XP level 7. HP: 43/52 MP: 11/13
  4419 | D:4      | Noticed Eustachio
  4424 | D:4      | Killed Eustachio
  4673 | D:4      | Learned a level 2 spell: Static Discharge
  4674 | D:5      | Entered Level 5 of the Dungeon
  4699 | D:5      | Reached skill level 5 in Earth Magic
  4699 | D:5      | Reached XP level 8. HP: 61/61 MP: 14/14
  4746 | D:5      | Noticed Edmund
  4750 | D:5      | Found a radiant altar of Vehumet.
  4764 | D:5      | HP: 3/61 [something (8)]
  4765 | D:5      | Slain by Edmund

Illustrated notes

Levels and vault maps discovered:
D:1:      matt_arrival_spirals, layout_loops_corners, serial_shops,
          nicolae_shop_temple_entry_statues_fountains
D:2:      layout_basic, basic_altar, hellmonk_ecumenical_altar_inner_sanctum,
          chequers_serial_rivers_large_a, uniq_sigmund
D:3:      layout_loops_ring, uniq_crazy_yiuf_cottage
D:4:      minmay_chambers_of_fours, layout_basic,
          nicolae_overflow_hallway_of_the_gods, supply_closet_lemuel,
          uniq_eustachio
D:5:      layout_rooms, fiery_altar_vehumet, kennysheep_small_circle,
          uniq_edmund, uniq_menkaure

Skill      XL: |  1  2  3  4  5  6  7 |
---------------+----------------------+-----
Fighting       | 1 2 3 4 |  4.4
Earth Magic    | 3 4 5 |  5.0
Transmutations | 1 |  1.0
Spellcasting   | 3 4 |  4.6
Conjurations   | 1 2 3 |  3.9
Dodging        | |  1.7
Stealth        | |  1.7
Air Magic      | |  0.8

Action                   |  1- 3 |  4- 6 |  7- 9 || total
-------------------------+-------+-------+-------++-------
Melee: Spear             |    47 |    57 |       ||   104
       Kick              |     2 |     4 |     1 ||     7
       Dagger            |       |     4 |     6 ||    10
 Fire: Shortbow          |       |    15 |    44 ||    59
 Cast: Sandblast         |    43 |    28 |     7 ||    78
  Use: Potion            |       |     1 |       ||     1
 Stab: Sleeping          |     4 |     1 |       ||     5
Armor: Robe              |    14 |    24 |       ||    38
       Leather armour    |       |     4 |     9 ||    13
Dodge: Dodged            |    54 |    41 |     3 ||    98
